Unix NetHack Version 5.0.0-0 post-release - last build Jun 10 2026 00:39:30 (3ee93aec679c4c4259841fe613dc97188e26a321,branch:main).

Game began 2026-06-30 01:51:00, ended 2026-06-30 02:20:41.

Ghost, lawful male human Archeologist

         --------#      -----
         |+@????|#      |^..|
         |??u???|#   # #..<.|
         |??...?|#   # #|...|
         |?+?..?|#   ###|....
         |????f$|##### #-.---
         |....(@|#   # ##
         ------*-#
          ########
          #    # #
          #    ###
          #  ###
         -|--|--
         |.....|
         |.....|
         |.....|
         |.....+
         -------

Ghost the Field Worker     St:15 Dx:10 Co:14 In:16 Wi:13 Ch:9  Lawful
Dlvl:5  $:124 HP:0(34) Pw:16(16) AC:4  Xp:4 T:4080  Hungry  

Latest messages:
 The large cat misses the rock mole.
 You lash the rock mole.
 The large cat misses the rock mole.
 You kill the rock mole!
 Clonegal whispers an incantation.
 Suddenly, a section of the wall closes up!
 The large cat picks up a scroll of charging.
 The large cat drops a scroll of charging.
 "Hello, Ghost!  Welcome again to Clonegal's second-hand bookstore!"
 m - a scroll of charging (2 in total).
 You see here a kobold corpse (no charge).
 There is an open door here.
 You see here 16 rocks.
 You stop.  Your large cat is in the way!
 The large cat picks up a kobold corpse.
 Double run prefix, canceled.
 You already found a monster.  Use 'm' prefix to force another search.
 You already found a monster.  Use 'm' prefix to force another search.
 You miss the pony.
 The pony kicks!
 The pony bites!
 What do you want to wield? [- ay or ?*] a
 You are already wielding that!
 You lash the pony.
 The pony kicks!
 The pony bites!
 The pony just misses!
 The pony just misses!
 What do you want to drink? [klDM or ?*] D
 You sense the presence of monsters.
 (For instructions type a '?')
 Done.
 The pony kicks!
 The pony misses!
 The large cat misses the pony.
 The pony kicks!
 The pony bites!
 You hear crashing rock.
 The large cat bites the pony.
 The large cat bites the pony.
 The pony misses the large cat.
 The pony misses the large cat.
 You see here a scroll labeled ZLORFIK (for sale, 133 zorkmids).
 You see here a scroll of blank paper (for sale, 80 zorkmids).
 The pony kicks!
 You die...
 Clonegal gratefully inherits all your possessions.
 Do you want to see what you had when you died? [ynq] (y) y
 Do you want to see your attributes? [ynq] (y) y
 Do you want an account of creatures vanquished? [ynaq] (y) q

Inventory:
 Coins    ('$')
  $ - 124 gold pieces
 Weapons  (')')
  y - a +1 dagger
  a - a blessed +2 bullwhip (weapon in left hand)
 Armor    ('[')
  c - an uncursed +0 fedora
  N - an uncursed +0 helm of caution (being worn)
  b - an uncursed +4 leather jacket (being worn)
 Comestibles  ('%')
  p - an uncursed slime mold
  d - 2 uncursed food rations
  q - an uncursed lembas wafer
  w - an uncursed pancake
  n - an uncursed pear
  j - an uncursed homemade tin of fox meat
  z - an uncursed homemade tin of jackal meat
  A - an uncursed homemade tin of kobold meat
  u - an uncursed homemade tin of newt meat
 Scrolls  ('?')
  s - 2 uncursed scrolls of blank paper
  m - 2 uncursed scrolls of charging
  P - an uncursed scroll of enchant weapon
  E - an uncursed scroll of genocide
 Potions  ('!')
  M - an uncursed potion of gain ability
  l - 2 uncursed potions of healing
  k - an uncursed potion of water
 Rings    ('=')
  H - an uncursed ring of poison resistance (on right hand)
 Tools    ('(')
  h - an empty uncursed sack
  i - a magic marker (0:20)
  o - an uncursed mirror
  f - a tinning kit (0:91)
 Gems/Stones  ('*')
  B - an uncursed obsidian stone
  g - an uncursed touchstone

Ghost the Archeologist's attributes:

Background:
 You were a Field Worker, a level 4 male human Archeologist.
 You were lawful, on a mission for Quetzalcoatl
 who was opposed by Camaxtli (neutral) and Huhetotl (chaotic).
 You were left-handed.
 You were in the Dungeons of Doom, on level 5.
 You entered the dungeon 4080 turns ago.
 It was nighttime.
 There was a full moon in effect when your adventure ended.
 You had 141 experience points, 19 more were needed to attain level 5.

Basics:
 You had 0 out of 34 hit points.
 You had all 16 energy points (spell power).
 Your armor class was 4.
 Your wallet contained 124 zorkmids.
 Autopickup was off.

Final Characteristics:
 Your strength was 15 (limit:18/100).
 Your dexterity was 10 (limit:18).
 Your constitution was 14 (limit:18).
 Your intelligence was 16 (limit:18).
 Your wisdom was 13 (limit:18).
 Your charisma was 9 (limit:18).

Final Status:
 You were hungry.
 You were unencumbered.
 You were wielding a whip.
 You had basic skill with whip.

Final Attributes:
 You were piously aligned.
 You were poison resistant.
 You were warned.
 You had automatic searching.
 You were lucky.
 You are dead.

Miscellaneous:
 You didn't encounter any bones levels.
 Total elapsed playing time was 29 minutes and 39 seconds.

Major events:
 Turn
    1: Ghost the lawful male human Archeologist entered the dungeon
 3254: attained the rank of Field Worker (level 3)
 4080: killed by a pony

You didn't know any spells.

Skills:
 Fighting Skills
   bare handed combat [Unskilled]
   two weapon combat  [Unskilled]
   riding             [Unskilled]
 Weapon Skills
   dagger             [Unskilled]
   knife              [Unskilled]
   pick-axe           [Basic]
   short sword        [Unskilled]
   saber              [Unskilled]
   club               [Unskilled]
   quarterstaff       [Unskilled]
   sling              [Unskilled]
   dart               [Unskilled]
   boomerang          [Unskilled]
   whip               [Basic]
   unicorn horn       [Unskilled]
 Spellcasting Skills
   attack spells      [Unskilled]
   healing spells     [Unskilled]
   divination spells  [Unskilled]
   matter spells      [Unskilled]

Voluntary challenges:
 Character rerolling was not enabled.
 You followed a strict vegan diet.
 You never genocided any monsters.
 You never polymorphed an object.
 You used no wishes.
Achievements:
 You entered a shop.
 You attained the rank of Field Worker.

 The Dungeons of Doom: levels 1 to 5
    Level 1:
       A fountain.
    Level 2:
    Level 3:
    Level 4:
       A general store, a fountain.
    Level 5: <- You were here.
       A scroll shop.
       Final resting place for
          you, killed by a pony.


Vanquished creatures:
  2 small mimics
  a rock mole
  a gnome leader
 an elf zombie
  a paper golem
  a giant ant
  a rabid rat
  a giant bat
  2 werejackals
  2 iguanas
 an acid blob
  a coyote
  a gas spore
  a hobbit
  a large kobold
  2 giant rats
  a cave spider
  a red mold
  2 geckos
 11 jackals
  4 foxes
  a kobold
  5 sewer rats
 16 grid bugs
  2 lichens
  a kobold zombie
  9 newts
73 creatures vanquished.

No species were genocided or became extinct.

Game over:
                       ----------
                      /          \
                     /    REST    \
                    /      IN      \
                   /     PEACE      \
                  /                  \
                  |      Ghost       |
                  |      124 Au      |
                  | killed by a pony |
                  |                  |
                  |                  |
                  |                  |
                  |       2026       |
                 *|     *  *  *      | *
        _________)/\\_//(\/(/\)/\//\/|_)_______

Goodbye Ghost the Archeologist...

You died in The Dungeons of Doom on dungeon level 5 with 896 points,
and 124 pieces of gold, after 4080 moves.
You were level 4 with a maximum of 34 hit points when you died.

